 Dungeon Crawl Stone Soup version 0.28-a0-1087-gf3fc490d9d (webtiles) character file.

Game seed: 1431598399753870333

230 ytrimaz the Insei (level 6, -7/39 HPs)
             Began as an Octopode Transmuter on Dec 10, 2021.
             Mangled by Menkaure (15 damage)
             ... on level 4 of the Dungeon.
             The game lasted 00:03:12 (3653 turns).

ytrimaz the Insei (Octopode Transmuter)             Turns: 3653, Time: 00:03:13

Health: -7/39      AC:  2    Str: 15    XL:     6   Next: 3%
Magic:  6/11       EV: 19    Int: 18    God:
Gold:   81         SH:  0    Dex: 17    Spells: 5/11 levels left

rFire   . . .      SeeInvis +     - Unarmed
rCold   . . .      Faith    .   (shield currently unavailable)
rNeg    . . .      Spirit   .   (helmet currently unavailable)
rPois   x          Reflect  .   (no amulet)
rElec   .          Harm     .   c - +6 ring of strength
rCorr   .          Rampage  .   d - ring of see invisible
Will    +....                   j - ring of willpower
Stlth   +.........              (no ring)
HPRegen 0.13/turn               (no ring)
MPRegen 0.12/turn               (no ring)
                                (no ring)
                                (no ring)

@: spider-form (expiring), silenced, wereblooded
A: venomous fangs, almost no armour, (amphibious), 8 rings, tiny, (camouflage
1), (gelatinous body 1), (nimble swimmer 1), (tentacles)
a: End Transformation


You were on level 4 of the Dungeon.
You were a venomous arachnid creature.
You visited 1 branch of the dungeon, and saw 4 of its levels.

You collected 81 gold pieces.

Inventory:

Jewellery
 c - a +6 ring of strength (left front leg)
 d - a ring of see invisible (right front leg)
 j - a ring of willpower (on tentacle)
Scrolls
 b - 3 scrolls of amnesia


   Skills:
 * Level 2.1 Fighting
 - Level 2.0 Dodging
 + Level 4.4 Unarmed Combat
 * Level 3.4 Spellcasting
 * Level 3.3 Transmutations


You had 5 spell levels left.
You knew the following spells:

 Your Spells              Type           Power      Damage    Failure   Level
a - Beastly Appendage     Tmut           30%        N/A       12%         1
b - Wereblood             Tmut           15%        N/A       17%         2
c - Spider Form           Tmut/Pois      9%         N/A       45%         3

Your spell library contained the following spells:

 Spells                   Type           Power      Damage    Failure   Level
 Ignite Poison            Fire/Tmut/Pois 7%         N/A       50%         3
 Conjure Flame            Conj/Fire      3%         6-21      65%         3
 Ice Form                 Ice/Tmut       9%         N/A       80%         4
 Sticky Flame             Conj/Fire      3%         2d3       94%         4


Dungeon Overview and Level Annotations

Branches:
Dungeon (4/15)
 Temple: D:4-7

Altars:
Uskayaw

Shops:
D:2 [

Annotations:
D:2 1 runed translucent door, Crazy Yiuf
D:3 1 runed translucent door, bearlyready's ghost, amateur OgFi
D:4 Menkaure


Innate Abilities, Weirdness & Mutations

You are a venomous arachnid creature.
You have poisonous fangs.
You are tiny and dextrous.
Your spellcasting is less reliable in this form.
Your armour is entirely melded.
You are incapable of wielding weapons or throwing items.
You cannot wear most types of armour.
((You are amphibious.))
You can wear up to eight rings at the same time.
((Your skin changes colour to match your surroundings (Stealth+).))
((Your rubbery body absorbs attacks. (AC +1, EV +1)))
((You are camouflaged near water. (Stealth+)))
((You have tentacles for arms and can constrict up to eight enemies at once.))


Message History

You are too injured to fight recklessly!
You barely miss the giant cockroach.
You hiss as the wereblood boils in your veins!
The giant cockroach completely misses you.
You are too injured to fight recklessly!
You are too injured to fight recklessly!
You are too injured to fight recklessly!
You bite the giant cockroach!
You feel a bit better.
You kill the giant cockroach!
Unknown command.
You are too injured to fight recklessly!
You are too injured to fight recklessly!
You bite the orc!
You feel a bit better.
You kill the orc!
The adder skeleton misses you.
Unknown command.
Unknown command.
You hit the adder skeleton.
The adder skeleton is heavily damaged.
The adder skeleton closely misses you.
Menkaure calls on the powers of darkness!
Your body is wracked with pain!
* * * LOW HITPOINT WARNING * * *
You hit the adder skeleton.
The adder skeleton is heavily damaged.
The adder skeleton barely misses you.
Unknown command.
You bite the adder skeleton!
You feel a bit better.
You destroy the adder skeleton!
Menkaure calls on the powers of darkness!
Your body is wracked with pain!
* * * LOW HITPOINT WARNING * * *
Unknown command.
You aren't carrying any potions.
As you read the scroll of silence, it crumbles to dust.
A profound silence engulfs you.
Your transformation is almost over.
Unknown command.
Menkaure hits you!
You die...

##..# .....
#..##....##
#...#Z.....
#......##.#
####...##.....
#..#.....[..O
###...........)
##.#M....###....
#.)s.......#....
##..#..#........
#.######......
### ......
#..... ###..


You could see Menkaure.

Vanquished Creatures
  Edmund (D:3)
  4 adders
  An adder skeleton (D:4)
  2 worms (D:2)
  4 dart slugs
  6 orcs
  4 endoplasms
  3 giant cockroaches
  3 goblins (D:2)
  5 hobgoblins
  4 kobolds
  A quokka (D:3)
  8 ball pythons
  2 bats
  3 frilled lizards
  4 rats
55 creatures vanquished.

Notes
Turn   | Place    | Note
-------+----------+-------------------------------------------
     0 | D:1      | ytrimaz the Octopode Transmuter began the quest for the
                  | Orb.
     0 | D:1      | Reached XP level 1. HP: 13/13 MP: 3/3
   267 | D:1      | Found a faded altar of an unknown god.
  1020 | D:2      | Reached XP level 2. HP: 18/18 MP: 5/5
  1101 | D:2      | Found a hide-covered altar of Uskayaw.
  1120 | D:2      | Found a runed translucent door.
  1121 | D:2      | Noticed Crazy Yiuf
  1204 | D:2      | Reached XP level 3. HP: 15/23 MP: 4/6
  1207 | D:2      | Learned a level 2 spell: Wereblood
  1211 | D:2      | Learned a level 3 spell: Spider Form
  1438 | D:2      | Found Eto Zeih's Antique Armour Shop.
  2208 | D:2      | Reached XP level 4. HP: 28/28 MP: 7/7
  3043 | D:3      | Found a runed translucent door.
  3117 | D:3      | Noticed bearlyready's ghost (amateur OgFi)
  3263 | D:4      | Noticed Menkaure
  3264 | D:4      | Noticed Edmund
  3281 | D:3      | Reached skill level 4 in Unarmed Combat
  3352 | D:3      | Killed Edmund
  3353 | D:3      | Reached XP level 5. HP: 7/34 MP: 2/10
  3631 | D:4      | Noticed an ogre
  3646 | D:4      | Reached XP level 6. HP: 11/39 MP: 5/11
  3653 | D:4      | Mangled by Menkaure

Illustrated notes

Levels and vault maps discovered:
D:1:      sevenhm_arrival_forest_fort_large_4, layout_basic,
          hellmonk_ecumenical_altar_crossroads
D:2:      layout_loops_corners, serial_shops, nicolae_square_shop, basic_altar,
          minmay_misc_feat_room, hangedman_decor_slide_cut,
          uniq_crazy_yiuf_cottage
D:3:      layout_rooms, ebering_ghost_reflecting_pool
D:4:      layout_cave_pools, uniq_menkaure, uniq_edmund

Skill      XL: |  1  2  3  4 |
---------------+-------------+-----
Transmutations | 3 |  3.3
Unarmed Combat | 4 |  4.4
Fighting       | 2 |  2.1
Spellcasting   | 3 |  3.4
Dodging        | |  2.0

Action                   |  1- 3 |  4- 6 || total
-------------------------+-------+-------++-------
Melee: Unarmed           |    49 |    59 ||   108
       Kick              |    11 |     3 ||    14
       Constrict         |    16 |    14 ||    30
       Tentacles         |     5 |     9 ||    14
       Punch             |     2 |     1 ||     3
 Cast: Beastly Appendage |    10 |     2 ||    12
       Spider Form       |       |     2 ||     2
       Wereblood         |       |     1 ||     1
  Use: Scroll            |     5 |     3 ||     8
       Potion            |       |     6 ||     6
 Stab: Sleeping          |     9 |     3 ||    12
Armor: Skin              |     3 |     7 ||    10
Dodge: Dodged            |    18 |    60 ||    78

Table legend: (Time is in decaauts)
 A = Elapsed time spent in this place.
 B = Non-inter-level travel time spent in this place.
 C = Inter-level travel time spent in this place.
 D = Time resting spent in this place.
 E = Time spent auto-exploring this place.
 F = Levels seen in this place.
 G = Mean time per level.
                   A        B        C        D        E       F      G
               +--------+--------+--------+--------+--------+-----+--------+
         Total |   3645 |   3595 |     50 |     21 |   3092 |   4 |  911.2 |
       Dungeon |   3645 |   3595 |     50 |     21 |   3092 |   4 |  911.2 |
               +--------+--------+--------+--------+--------+-----+--------+

Top non-repeatable levels by time:
     D:2: 1459 daAuts
     D:3: 1124 daAuts
     D:1: 1016 daAuts
     D:4: 45 daAuts
